TOP OF THE 1ST |
Memphis Blues batting - Pitching for Key West Barracudas : RHP Lawrence Fish
|
Pitching: RHP Lawrence Fish
|
|
Batting: RHB Peyton Pennington
|
0-0: Foul Ball, location: 2F 0-1: Ball 1-1: Ball 2-1: Foul Ball, location: 2F 2-2: Ball 3-2: Base on Balls
|
Batting: RHB Jaime Spiridon
|
0-0: Ball Peyton Pennington steals 2nd base 1-0: Ball 2-0: 2-RUN HOME RUN (Flyball, 7D), Distance : 414 ft
|
Batting: RHB Glenn Melican
|
0-0: Called Strike 0-1: Foul Ball, location: 2F 0-2: Ball 1-2: Foul Ball, location: 2F 1-2: Strikes out swinging
|
Batting: LHB Alan McGilroy
|
0-0: Fly out, F9 (Flyball, 9)
|
Batting: RHB Dave Wookey
|
0-0: Foul Ball, location: 2F 0-1: Ball 1-1: Reached on error, E5 (Groundball, 56)
|
Batting: RHB Artie Green
|
0-0: Ball 1-0: Called Strike 1-1: Called Strike 1-2: Foul Ball, location: 2F 1-2: Strikes out swinging
|
Top of the 1st over - 2 run(s), 1 hit(s), 1 error(s), 1 left on base; Memphis 2 - Key West 0 |
BOTTOM OF THE 1ST |
Key West Barracudas batting - Pitching for Memphis Blues : RHP Mike Clay
|
Pitching: RHP Mike Clay
|
|
Batting: SHB Rodney Birling
|
0-0: Ball 1-0: Called Strike 1-1: Swinging Strike 1-2: Strikes out swinging
|
Batting: RHB Ramón Díaz
|
0-0: Ball 1-0: Ball 2-0: Ball 3-0: Called Strike 3-1: Called Strike 3-2: Base on Balls
|
Batting: SHB Cory Campbell
|
0-0: Ball 1-0: Called Strike 1-1: Foul Ball, location: 2F 1-2: Foul Ball, location: 2F 1-2: Foul Ball, location: 2F 1-2: Fly out, F8 (Flyball, 8RS)
|
Batting: LHB Domingo Ledesma
|
0-0: Ball 1-0: Fly out, F4 (Line Drive, 4)
|
Bottom of the 1st over - 0 run(s), 0 hit(s), 0 error(s), 1 left on base; Memphis 2 - Key West 0 |
TOP OF THE 2ND |
Memphis Blues batting - Pitching for Key West Barracudas : RHP Lawrence Fish
|
Batting: RHB Chase Mueller
|
0-0: Ball 1-0: SINGLE (Groundball, 4) (infield hit)
|
Batting: LHB Mark Folger
|
0-0: Ball 1-0: Ball 2-0: Swinging Strike 2-1: SINGLE (Groundball, 56D) Chase Mueller to second
|
Batting: RHB David Crespo
|
0-0: Foul Ball, location: 2F 0-1: Foul Ball, location: 2F 0-2: Ball 1-2: SINGLE (Groundball, 6MD) Chase Mueller to third Mark Folger to second Runner from 3rd tries for Home, SAFE, throw made at trailing runner, SAFE at third!
|
Batting: RHB Peyton Pennington
|
0-0: Fly out, F7 (Flyball, 7S)
|
Batting: RHB Jaime Spiridon
|
0-0: Ball 1-0: Ball 2-0: Ball 3-0: Base on Balls David Crespo to second
|
Batting: RHB Glenn Melican
|
0-0: Ball 1-0: Ball 2-0: Ball 3-0: Base on Balls Mark Folger scores David Crespo to third Jaime Spiridon to second
|
Batting: LHB Alan McGilroy
|
0-0: Ball 1-0: Called Strike 1-1: SINGLE (Groundball, 4MD) David Crespo scores Jaime Spiridon to third Glenn Melican to second
|
Batting: RHB Dave Wookey
|
0-0: Fly out, F7 (Line Drive, 7S) Runner from 3rd tags up, SCORES, no throw
|
Batting: RHB Artie Green
|
0-0: Foul Ball, location: 2F 0-1: Ball 1-1: Swinging Strike 1-2: Ground out U3 (Groundball, 34)
|
Top of the 2nd over - 4 run(s), 4 hit(s), 0 error(s), 2 left on base; Memphis 6 - Key West 0 |
BOTTOM OF THE 2ND |
Key West Barracudas batting - Pitching for Memphis Blues : RHP Mike Clay
|
Batting: LHB Daniel Byrd
|
0-0: Fly out, F9 (Line Drive, 89M)
|
Batting: LHB Víctor Acevedo
|
0-0: Fly out, F7 (Flyball, 7LM)
|
Batting: RHB Carlos Miranda
|
0-0: Ball 1-0: Ground out 5-3 (Groundball, 56S)
|
Bottom of the 2nd over - 0 run(s), 0 hit(s), 0 error(s), 0 left on base; Memphis 6 - Key West 0 |
TOP OF THE 3RD |
Memphis Blues batting - Pitching for Key West Barracudas : RHP Lawrence Fish
|
Batting: RHB Chase Mueller
|
0-0: Ground out 5-3 (Groundball, 56)
|
Batting: LHB Mark Folger
|
0-0: Ball 1-0: Foul Ball, location: 2F 1-1: Fly out, F2 (Popup, 3S)
|
Batting: RHB David Crespo
|
0-0: Called Strike 0-1: Called Strike 0-2: Foul Ball, location: 2F 0-2: Foul Ball, location: 2F 0-2: Ball 1-2: Ball 2-2: Foul Ball, location: 2F 2-2: SINGLE (Groundball, 6MD)
|
Batting: RHB Peyton Pennington
|
0-0: Foul Ball, location: 2F 0-1: SINGLE (Groundball, 5S) (infield hit) David Crespo to second
|
Batting: RHB Jaime Spiridon
|
0-0: Called Strike 0-1: Swinging Strike 0-2: Foul Ball, location: 2F 0-2: Strikes out looking
|
Top of the 3rd over - 0 run(s), 2 hit(s), 0 error(s), 2 left on base; Memphis 6 - Key West 0 |
BOTTOM OF THE 3RD |
Key West Barracudas batting - Pitching for Memphis Blues : RHP Mike Clay
|
Batting: RHB Dan Craft
|
0-0: Foul Ball, location: 2F 0-1: Ball 1-1: Ball 2-1: Called Strike 2-2: Ground out 6-3 (Groundball, 6)
|
Batting: LHB Motoki Hirata
|
0-0: Fly out, F7 (Flyball, 7)
|
Batting: SHB Rodney Birling
|
0-0: Ball 1-0: Ball 2-0: Ball 3-0: Called Strike 3-1: Base on Balls
|
Batting: RHB Ramón Díaz
|
0-0: Ball 1-0: Swinging Strike 1-1: Called Strike 1-2: Ball 2-2: Ball 3-2: Strikes out swinging
|
Bottom of the 3rd over - 0 run(s), 0 hit(s), 0 error(s), 1 left on base; Memphis 6 - Key West 0 |
TOP OF THE 4TH |
Memphis Blues batting - Pitching for Key West Barracudas : RHP Lawrence Fish
|
Batting: RHB Glenn Melican
|
0-0: Foul Ball, location: 2F 0-1: Ball 1-1: Ball 2-1: Fly out, F9 (Flyball, 9)
|
Batting: LHB Alan McGilroy
|
0-0: Ball 1-0: Called Strike 1-1: Ball 2-1: Foul Ball, location: 2F 2-2: Fly out, F8 (Flyball, 8RM)
|
Batting: RHB Dave Wookey
|
0-0: Foul Ball, location: 2F 0-1: Ball 1-1: Ground out 6-3 (Groundball, 6)
|
Top of the 4th over - 0 run(s), 0 hit(s), 0 error(s), 0 left on base; Memphis 6 - Key West 0 |
BOTTOM OF THE 4TH |
Key West Barracudas batting - Pitching for Memphis Blues : RHP Mike Clay
|
Batting: SHB Cory Campbell
|
0-0: Ball 1-0: Foul Ball, location: 2F 1-1: Fly out, F8 (Flyball, 8LXD)
|
Batting: LHB Domingo Ledesma
|
0-0: Called Strike 0-1: Ball 1-1: Foul Ball, location: 2F 1-2: Ground out 4-3 (Groundball, 4)
|
Batting: LHB Daniel Byrd
|
0-0: Foul Ball, location: 2F 0-1: Called Strike 0-2: Fly out, F8 (Flyball, 8LM)
|
Bottom of the 4th over - 0 run(s), 0 hit(s), 0 error(s), 0 left on base; Memphis 6 - Key West 0 |
TOP OF THE 5TH |
Memphis Blues batting - Pitching for Key West Barracudas : RHP Lawrence Fish
|
Pitching: RHP Sean Harden
|
|
Batting: RHB Artie Green
|
0-0: Ball 1-0: Foul Ball, location: 2F 1-1: Swinging Strike 1-2: Ground out 2-3 (Groundball, 15S)
|
Batting: RHB Chase Mueller
|
0-0: Foul Ball, location: 2F 0-1: Fly out, F7 (Flyball, 7LS)
|
Batting: LHB Mark Folger
|
0-0: Called Strike 0-1: Ball 1-1: Ball 2-1: Ground out 4-3 (Groundball, 4S)
|
Top of the 5th over - 0 run(s), 0 hit(s), 0 error(s), 0 left on base; Memphis 6 - Key West 0 |
BOTTOM OF THE 5TH |
Key West Barracudas batting - Pitching for Memphis Blues : RHP Mike Clay
|
Batting: LHB Víctor Acevedo
|
0-0: Ball 1-0: Ball 2-0: Called Strike 2-1: Called Strike 2-2: Ground out 4-3 (Groundball, 4S)
|
Batting: RHB Carlos Miranda
|
0-0: Called Strike 0-1: Called Strike 0-2: Strikes out swinging
|
Batting: RHB Dan Craft
|
0-0: Ball 1-0: Ball 2-0: Fly out, F3 (Line Drive, 34S)
|
Bottom of the 5th over - 0 run(s), 0 hit(s), 0 error(s), 0 left on base; Memphis 6 - Key West 0 |
TOP OF THE 6TH |
Memphis Blues batting - Pitching for Key West Barracudas : RHP Sean Harden
|
Batting: RHB David Crespo
|
0-0: Ball 1-0: Ball 2-0: Called Strike 2-1: SINGLE (Line Drive, 56D)
|
Batting: RHB Peyton Pennington
|
0-0: Reached on error, E5 (Groundball, 56) David Crespo to second
|
Batting: RHB Jaime Spiridon
|
0-0: Ball 1-0: Fly out, F7 (Line Drive, 7)
|
Batting: RHB Glenn Melican
|
0-0: Called Strike 0-1: Fly out, F5 (Popup, 5L)
|
Batting: LHB Alan McGilroy
|
0-0: Ball 1-0: Swinging Strike 1-1: Swinging Strike 1-2: Foul Ball, location: 2F 1-2: Foul Ball, location: 2F 1-2: Ball 2-2: Ball 3-2: Foul Ball, location: 2F 3-2: Foul Ball, location: 2F 3-2: Base on Balls David Crespo to third Peyton Pennington to second
|
Batting: RHB Dave Wookey
|
0-0: Foul Ball, location: 2F 0-1: Ball 1-1: Fly out, F8 (Line Drive, 8RXD)
|
Top of the 6th over - 0 run(s), 1 hit(s), 1 error(s), 3 left on base; Memphis 6 - Key West 0 |
BOTTOM OF THE 6TH |
Key West Barracudas batting - Pitching for Memphis Blues : RHP Mike Clay
|
Batting: LHB Motoki Hirata
|
0-0: Ball 1-0: SINGLE (Groundball, 6D)
|
Batting: SHB Rodney Birling
|
0-0: Ball 1-0: Fly out, F6 (Line Drive, 6)
|
Batting: RHB Ramón Díaz
|
0-0: Called Strike 0-1: Swinging Strike 0-2: Ball 1-2: Fly out, F4 (Flyball, 34D)
|
Batting: SHB Cory Campbell
|
Pickoff Throw to First - Error! E1 Motoki Hirata to second 0-0: Ball 1-0: Ball 2-0: Foul Ball, location: 2F 2-1: Called Strike 2-2: Foul Ball, location: 2F 2-2: Ball 3-2: DOUBLE (Line Drive, 9D) Motoki Hirata scores
|
Batting: LHB Domingo Ledesma
|
0-0: Called Strike 0-1: Ball 1-1: Foul Ball, location: 2F 1-2: Ball 2-2: Ground out 5-3 (Groundball, 2L)
|
Bottom of the 6th over - 1 run(s), 2 hit(s), 1 error(s), 1 left on base; Memphis 6 - Key West 1 |
TOP OF THE 7TH |
Memphis Blues batting - Pitching for Key West Barracudas : RHP Sean Harden
|
Batting: RHB Artie Green
|
0-0: Called Strike 0-1: Reached on error, E3 (Groundball, 34)
|
Batting: RHB Chase Mueller
|
0-0: Ball 1-0: Ball 2-0: Called Strike 2-1: Ball 3-1: Fly out, F8 (Line Drive, 78S)
|
Batting: LHB Mark Folger
|
0-0: Grounds into double play, 4-6-3 (Groundball, 4)
|
Top of the 7th over - 0 run(s), 0 hit(s), 1 error(s), 0 left on base; Memphis 6 - Key West 1 |
BOTTOM OF THE 7TH |
Key West Barracudas batting - Pitching for Memphis Blues : RHP Mike Clay
|
Batting: LHB Daniel Byrd
|
0-0: Swinging Strike 0-1: Ball 1-1: Swinging Strike 1-2: Ball 2-2: Ball 3-2: Base on Balls
|
Batting: LHB Víctor Acevedo
|
0-0: Ball 1-0: Called Strike 1-1: Ball 2-1: Foul Ball, location: 2F 2-2: DOUBLE (Line Drive, 9) Daniel Byrd to third
|
Batting: RHB Carlos Miranda
|
0-0: Foul Ball, location: 2F 0-1: Called Strike 0-2: Fly out, F8 (Line Drive, 8RM) Runner from 3rd tags up, OUT at HOME Víctor Acevedo to third
|
Batting: RHB Dan Craft
|
0-0: Ball 1-0: Ball 2-0: Ground out 5-3 (Groundball, 5)
|
Bottom of the 7th over - 0 run(s), 1 hit(s), 0 error(s), 1 left on base; Memphis 6 - Key West 1 |
TOP OF THE 8TH |
Memphis Blues batting - Pitching for Key West Barracudas : RHP Sean Harden
|
Batting: RHB David Crespo
|
0-0: Called Strike 0-1: Ball 1-1: SINGLE (Groundball, 6MD)
|
Batting: RHB Peyton Pennington
|
0-0: Swinging Strike 0-1: Swinging Strike 0-2: Ball 1-2: Ball 2-2: Fly out, F3 (Popup, 34S)
|
Batting: RHB Jaime Spiridon
|
0-0: Called Strike 0-1: Ball 1-1: Ground out U3 (Groundball, 34S) David Crespo to second
|
Batting: RHB Glenn Melican
|
0-0: Ball 1-0: Ball 2-0: Called Strike 2-1: SINGLE (Groundball, 6MD) David Crespo to third Runner from 3rd tries for Home, SAFE, no throw
|
Batting: LHB Alan McGilroy
|
0-0: Ball 1-0: Ball 2-0: Ball 3-0: Called Strike 3-1: Base on Balls Glenn Melican to second
|
Batting: RHB Dave Wookey
|
0-0: Swinging Strike 0-1: Ball 1-1: Ball 2-1: Called Strike 2-2: Ball 3-2: Foul Ball, location: 2F 3-2: Foul Ball, location: 2F 3-2: Foul Ball, location: 2F 3-2: SINGLE (Groundball, 25) (infield hit) Glenn Melican to third Alan McGilroy to second
|
Pitching: RHP Dennis Grange
|
|
Batting: RHB Artie Green
|
0-0: Ball 1-0: Foul Ball, location: 2F 1-1: Fly out, F7 (Flyball, 7)
|
Top of the 8th over - 1 run(s), 3 hit(s), 0 error(s), 3 left on base; Memphis 7 - Key West 1 |
BOTTOM OF THE 8TH |
Key West Barracudas batting - Pitching for Memphis Blues : RHP Mike Clay
|
Pitching: LHP Morgan O'Day
|
|
Batting: LHB Motoki Hirata
|
0-0: Swinging Strike 0-1: Ball 1-1: Ball 2-1: SINGLE (Line Drive, 4D)
|
Batting: SHB Rodney Birling
|
0-0: Ball 1-0: Ball 2-0: Called Strike 2-1: Ball 3-1: Grounds into double play, 6-4-3 (Groundball, 6)
|
Batting: RHB Ramón Díaz
|
0-0: Ball 1-0: Swinging Strike 1-1: Ball 2-1: Ball 3-1: Called Strike 3-2: SINGLE (Groundball, 6MD)
|
Batting: SHB Cory Campbell
|
0-0: Called Strike 0-1: Ball 1-1: Foul Ball, location: 2F 1-2: Fly out, F9 (Flyball, 9D)
|
Bottom of the 8th over - 0 run(s), 2 hit(s), 0 error(s), 1 left on base; Memphis 7 - Key West 1 |
TOP OF THE 9TH |
Memphis Blues batting - Pitching for Key West Barracudas : RHP Dennis Grange
|
Batting: RHB Chase Mueller
|
0-0: Ball 1-0: Ball 2-0: Ground out 5-3 (Groundball, 5)
|
Batting: LHB Mark Folger
|
0-0: Ball 1-0: SOLO HOME RUN (Flyball, 9D), Distance : 387 ft
|
Batting: RHB David Crespo
|
0-0: Ball 1-0: Ball 2-0: Ball 3-0: Base on Balls
|
Batting: RHB Peyton Pennington
|
0-0: Ball 1-0: Ball 2-0: Ball 3-0: Base on Balls David Crespo to second
|
Batting: RHB Jaime Spiridon
|
0-0: Called Strike 0-1: SINGLE (Line Drive, 6MD) David Crespo to third Peyton Pennington to second Runner from 3rd tries for Home, SAFE, throw made home Peyton Pennington to third Jaime Spiridon to second
|
Batting: RHB Glenn Melican
|
0-0: Called Strike 0-1: SINGLE (Line Drive, 34D) Peyton Pennington scores Jaime Spiridon to third Runner from 3rd tries for Home, SAFE, no throw
|
Pitching: RHP Mathew Wilcox
|
|
Batting: LHB Alan McGilroy
|
0-0: Ball 1-0: Ball 2-0: Foul Ball, location: 2F 2-1: Fly out, F6 (Popup, 6)
|
Batting: RHB Dave Wookey
|
0-0: Ball 1-0: Called Strike 1-1: Fly out, F8 (Flyball, 8LM)
|
Top of the 9th over - 4 run(s), 3 hit(s), 0 error(s), 1 left on base; Memphis 11 - Key West 1 |
BOTTOM OF THE 9TH |
Key West Barracudas batting - Pitching for Memphis Blues : LHP Morgan O'Day
|
Batting: LHB Domingo Ledesma
|
0-0: Called Strike 0-1: Called Strike 0-2: Ball 1-2: Ball 2-2: Strikes out swinging
|
Batting: LHB Daniel Byrd
|
0-0: Called Strike 0-1: Fly out, F3 (Popup, 3D)
|
Batting: LHB Víctor Acevedo
|
0-0: Swinging Strike 0-1: Swinging Strike 0-2: Foul Ball, location: 2F 0-2: Ball 1-2: Foul Ball, location: 2F 1-2: Strikes out swinging
|
Bottom of the 9th over - 0 run(s), 0 hit(s), 0 error(s), 0 left on base; Memphis 11 - Key West 1 |
|